 Dungeon Crawl Stone Soup version 0.30-a0-576-g89cddaab80 (webtiles) character file.

Game seed: 7415653187151761425

18335 arthad the Destroyer (level 12, -5/59 HPs)
             Began as a Gargoyle Earth Elementalist on Dec 31, 2022.
             Was the Champion of Okawaru.
             Slain by an orc warlord
             ... wielding a +2 heavy war axe
              (25 damage)
             ... on level 12 of the Dungeon.
             The game lasted 00:37:24 (14478 turns).

arthad the Destroyer (Gargoyle Earth Elementalist) Turns: 14478, Time: 00:37:24

Health: -5/59      AC: 24    Str:  9    XL:     12   Next: 57%
Magic:  20/22      EV: 14    Int: 17    God:    Okawaru [******]
Gold:   503        SH:  9    Dex: 10    Spells: 11/24 levels left

rFire   + . .      SeeInvis .    H - +9 rapier "Jeavuenu" {elec, rElec rN+++ Str-4 Int-3}
rCold   . . .      Faith    .    (no shield)
rNeg    + + +      Spirit   .    p - +2 leather armour {rF+}
rPois   ∞          Reflect  +    b - +1 helmet
rElec   +          Harm     .    (no cloak)
rCorr   .          Rampage  +    Q - +0 pair of gloves
Will    .....                    N - +0 pair of boots {rampage}
Stlth   +++++                    d - amulet of reflection
HPRegen 0.29/turn                q - +4 ring of protection
MPRegen 0.18/turn                Z - ring of wizardry

@: heroic, studying Conjurations
A: sickness immunity, AC +8, negative energy resistance 1, electricity
resistance, torment resistance 1, petrification resistance, large bone plates 1,
frail 1, sense surroundings 1, MP-powered wands
a: Renounce Religion, Heroism, Finesse, Duel


You were on level 12 of the Dungeon.
You worshipped Okawaru.
Okawaru was exalted by your worship.
You visited 1 branch of the dungeon, and saw 12 of its levels.

You collected 764 gold pieces.
You spent 261 gold pieces at shops.

Inventory:

Hand Weapons
 k - the +6 glaive of Nonkiev {flame, Drain rPois Will++ Int+2}
   (You found it on level 11 of the Dungeon)

   It burns those it strikes, dealing additional fire damage.
   Big, fiery blades are also staple armaments of hydra-hunters.
   Int:       It affects your intelligence (+2).
   rPois:     It protects you from poison.
   Drain:     It drains your maximum health when unequipped.
   Will:      It greatly increases your willpower.
 H - the +9 rapier "Jeavuenu" (weapon) {elec, rElec rN+++ Str-4 Int-3}
   (You bought it in a shop on level 6 of the Dungeon)

   It occasionally discharges a powerful burst of electricity upon striking a
   foe.
   Str:       It affects your strength (-4).
   Int:       It affects your intelligence (-3).
   rElec:     It insulates you from electricity.
   rN:        It renders you almost immune to negative energy.
 J - a +2 war axe of draining
Missiles
 i - 25 poisoned darts
 O - 5 atropa-tipped darts
 W - 2 curare-tipped darts
Armour
 a - a +0 robe
 b - a +1 helmet (worn)
 o - a +1 robe of fire resistance
 p - a +2 leather armour of fire resistance (worn)
 C - the +1 robe "Zyazexoh" {Int+3}
   (You found it on level 6 of the Dungeon)

   Int:       It affects your intelligence (+3).
 D - a +0 kite shield
 G - a +0 pair of boots
 I - the +2 robe of the New World {rN+ Str+4}
   (Okawaru gifted it to you on level 6 of the Dungeon)

   Str:       It affects your strength (+4).
   rN:        It protects you from negative energy.
 K - +0 steam dragon scales
 N - a +0 pair of boots of rampaging (worn)
 Q - a +0 pair of gloves (worn)
 Y - the +3 buckler of the Pit {Harm rC+ Will- Str+3 Int+4}
   (Okawaru gifted it to you on level 11 of the Dungeon)

   Str:       It affects your strength (+3).
   Int:       It affects your intelligence (+4).
   rC:        It protects you from cold.
   Harm:      It increases damage dealt and taken.
   Will:      It decreases your willpower.
Magical Staves
 M - a staff of death
Jewellery
 d - an amulet of reflection (around neck)
 q - a +4 ring of protection (left hand)
 w - a ring of see invisible
 R - a ring of fire
 X - a ring of flight
 Z - a ring of wizardry (right hand)
Wands
 v - a wand of polymorph (5)
 B - a wand of iceblast (31)
 E - a wand of acid (4)
 P - a wand of paralysis (8)
 S - a wand of digging (8)
 U - a wand of flame (6)
Scrolls
 c - 3 scrolls of enchant armour
 e - a scroll of fog
 m - 2 scrolls of magic mapping
 s - a scroll of vulnerability
 u - 5 scrolls of teleportation
 y - 4 scrolls of enchant weapon
 z - 2 scrolls of immolation
Potions
 f - 4 potions of mutation
 g - 4 potions of berserk rage
 h - 3 potions of brilliance
 j - 2 potions of lignification
 l - a potion of resistance
 n - 7 potions of curing
 t - a potion of might
 A - 2 potions of haste
 F - 2 potions of invisibility
 T - a potion of flight
Miscellaneous
 V - a lightning rod (4/4)


   Skills:
 + Level 3.8(8.8) Fighting
 + Level 3.0(8.0) Short Blades
 + Level 5.4(10.4) Armour
 + Level 4.5(9.5) Dodging
 - Level 8.0(13.0) Stealth
 * Level 6.9 Spellcasting
 * Level 11.1 Conjurations
 * Level 5.6 Transmutations
 + Level 4.6 Fire Magic
 * Level 9.4 Earth Magic
 + Level 4.5 Poison Magic
 * Level 6.1 Invocations
 + Level 3.3 Evocations


You had 11 spell levels left.
You knew the following spells:

 Your Spells              Type           Power      Damage    Failure   Level
a - Sandblast             Erth           74%        2d16      1%          1
b - Passwall              Tmut/Erth      25%        N/A       1%          2
c - Stone Arrow           Conj/Erth      80%        3d12      1%          3
d - Ignite Poison         Fire/Tmut/Pois 22%        N/A       2%          3
e - Petrify               Tmut/Erth      31%        N/A       2%          4

Your spell library contained the following spells:

 Spells                   Type           Power      Damage    Failure   Level
 Beastly Appendage        Tmut           50%        N/A       1%          1
 Wereblood                Tmut           25%        N/A       1%          2
 Spider Form              Tmut/Pois      23%        N/A       2%          3
 Sticky Flame             Conj/Fire      32%        2d5       2%          4
 Ozocubu's Armour         Ice            5%         N/A       17%         3
 Metabolic Englaciation   Hex/Ice        2%         N/A       82%         5
 Ozocubu's Refrigeration  Ice            2%         4d8       100%        7
 Ignition                 Fire           10%        3d5       100%        8
 Summon Small Mammal      Summ           Unusable   N/A       N/A         1
 Call Canine Familiar     Summ           Unusable   N/A       N/A         3
 Summon Guardian Golem    Hex/Summ       Unusable   N/A       N/A         3
 Statue Form              Tmut/Erth      Unusable   N/A       N/A         6

Dungeon Overview and Level Annotations

Branches:
Dungeon (12/15)            Temple (0/1) D:7            Lair (0/5) D:9
    Orc (0/2) D:10

Altars:
Cheibriados
Okawaru
Ru
Sif Muna
Uskayaw
Vehumet

Shops:
D:6 *   D:11 :

Annotations:
D:3 1 runed translucent door, brightshaft's ghost, amateur BaHu
D:5 5 runed translucent doors
D:8 1 runed translucent door


Innate Abilities, Weirdness & Mutations

You are immune to sickness and miasma.
Your stone body is resilient. (AC +8)
You are immune to poison.
You resist negative energy. (rN+)
You are resistant to electric shocks. (rElec)
You are resistant to unholy torment.
You are immune to petrification.
You are partially covered in large bone plates. (SH +4)
You are frail. (-10% HP)
You passively map a small area around you.
You expend magic power (3 MP) to strengthen your wands.


Message History

Press: ? - help, Shift-Dir - straight line, f/p - seven-headed hydra
Aim: a seven-headed hydra (translocational energy, moderately wounded, 92% to hit)
The stone arrow hits the seven-headed hydra!!
The seven-headed hydra is heavily wounded.
The boulder beetle bites you.
Casting: Stone Arrow (safe; 1% risk of failure)
Confirm with . or Enter, or press ? or * to list all spells.
Aiming: Stone Arrow (safe; 1% risk of failure)
Press: ? - help, Shift-Dir - straight line, f/p - seven-headed hydra
Aim: a seven-headed hydra (heavily wounded, 92% to hit)
The stone arrow hits the seven-headed hydra!!
The seven-headed hydra is almost dead.
You block the boulder beetle's attack.
Casting: Stone Arrow (safe; 1% risk of failure)
Confirm with . or Enter, or press ? or * to list all spells.
You don't have enough magic to cast this spell.
Unknown command.
Magic courses through your body.
The boulder beetle completely misses you.
Casting: Stone Arrow (safe; 1% risk of failure)
Confirm with . or Enter, or press ? or * to list all spells.
Aiming: Stone Arrow (safe; 1% risk of failure)
Press: ? - help, Shift-Dir - straight line, f/p - seven-headed hydra
Aim: a seven-headed hydra (almost dead, 92% to hit)
The stone arrow hits the seven-headed hydra!!
You kill the seven-headed hydra!
Okawaru accepts your kill. The boulder beetle bites you.
The orc warlord hits you with a +2 heavy war axe!!
Ouch! That really hurt!
You hear a shout!
Your base Short Blades skill increases to level 3!
Unknown command.
As you read the scroll of fear, it crumbles to dust.
You assume a fearsome visage.
The boulder beetle looks frightened!
The orc warlord easily resists.
The troll looks frightened!
The freezing wraith is unaffected.
The troll changes into a cane toad!
The boulder beetle leaps!
The orc warlord hits you with a +2 heavy war axe!!
You die...

######..................)###
#................>......)#..
#........############....#..
#........#..........#..).#..
#........#..........#....#..
#..........###......'..)##..
#........###.###....'...'...
#.).....##.○...##...#...####
#......##..@o...##..#......#
#......#)[.###...#.........#
#....§##..## B##........#
#.....'.FW# , ...#.........
#.....##..## #.o##.........
###.#..#.^.###.W.#..........
#..#.##.....§.##.##......<
##.#..##.§§.e##..##.#####.
#.....###.###..###.# #.


You could see an orc warlord, a boulder beetle (fleeing), a freezing wraith and
a cane toad shaped shifter (fleeing).

Vanquished Creatures
  Josephine (D:11)
  Erolcha (D:12)
  A hydra (D:12)
  A two-headed ogre (D:11)
  2 boulder beetles (D:11)
  A wizard (D:12)
  Pikel (D:6)
  A deep elf pyromancer (D:12)
  A cyclops (D:11)
  An ugly thing (D:8)
  Joseph (D:7)
  2 kobold demonologists (D:11)
  Maggie (D:6)
  4 trolls
  Sigmund (D:4)
  2 shadows
  7 wraiths
  A wyvern (D:10)
  21 yaks
  5 vampire mosquitoes (D:11)
  Menkaure (D:6)
  Edmund (D:6)
  Duvessa (D:7)
  2 ice beasts
  4 orc warriors
  6 black bears
  3 centaurs
  A phantom (D:6)
  2 kobold brigands
  A lemure (D:6)
  3 bullfrogs
  2 wyvern zombies (D:6)
  A necrophage (D:5)
  2 gnoll sergeants
  A water moccasin zombie (D:6)
  A wyvern skeleton (D:6)
  2 scorpions
  21 wights
  6 killer bees (D:8)
  Dowan (D:7)
  6 howler monkeys
  A centaur zombie (D:6)
  6 hounds
  A jelly (D:7)
  2 bullfrog zombies (D:6)
  2 orc priests
  A gnoll bouda (D:10)
  A centaur skeleton (D:6)
  Jessica (D:2)
  2 bullfrog skeletons (D:6)
  4 iguanas
  16 orc wizards
  2 killer bee zombies (D:6)
  Robin (D:2)
  4 adders
  12 gnolls
  A shadow imp (D:7)
  2 white imps
  2 ufetubi (D:5)
  4 worms
  A dart slug (D:4)
  28 orcs
  6 endoplasms
  2 giant cockroaches (D:4)
  15 goblins
  6 hobgoblins
  3 jackals (D:5)
  22 kobolds
  3 quokkas
  7 ball pythons
  6 bats
  3 frilled lizards
  2 rats
293 creatures vanquished.

Vanquished Creatures (others)
  3 fungi (D:9)
  6 plants (D:9)
9 creatures vanquished.

Grand Total: 302 creatures vanquished

Notes
Turn   | Place    | Note
-------+----------+-------------------------------------------
     0 | D:1      | arthad the Gargoyle Earth Elementalist began the quest for
                  | the Orb.
     0 | D:1      | Reached XP level 1. HP: 10/10 MP: 3/3
   598 | D:1      | Reached XP level 2. HP: 15/15 MP: 3/5
  1132 | D:2      | Reached skill level 1 in Conjurations
  1264 | D:2      | Noticed Robin
  1398 | D:2      | Found a faded altar of an unknown god.
  1415 | D:2      | Gained mutation: You expend magic power (3 MP) to
                  | strengthen your wands. [potion of mutation]
  1415 | D:2      | Gained mutation: You are frail. (-10% HP) [potion of
                  | mutation]
  1415 | D:2      | Gained mutation: You passively map a small area around you.
                  | [potion of mutation]
  1415 | D:2      | Gained mutation: You are partially covered in large bone
                  | plates. (SH +4) [potion of mutation]
  1420 | D:2      | Killed Robin
  1421 | D:2      | Reached XP level 3. HP: 9/17 MP: 2/6
  1549 | D:2      | Prayed at the altar of an unknown god.
  1549 | D:2      | Became a worshipper of Warmaster Okawaru
  1549 | D:2      | Reached * piety under Okawaru
  1614 | D:2      | Reached skill level 1 in Transmutations
  1814 | D:2      | Reached XP level 4. HP: 21/21 MP: 4/7
  1821 | D:2      | Reached skill level 1 in Armour
  2173 | D:2      | Noticed Jessica
  2177 | D:2      | Killed Jessica
  2178 | D:2      | Reached skill level 2 in Conjurations
  2178 | D:2      | Reached XP level 5. HP: 25/25 MP: 6/8
  2214 | D:2      | Learned a level 2 spell: Passwall
  2218 | D:2      | Learned a level 3 spell: Stone Arrow
  2222 | D:2      | Learned a level 3 spell: Ignite Poison
  2363 | D:3      | Found a sacrificial altar of Ru.
  2363 | D:3      | Found a radiant altar of Vehumet.
  2681 | D:3      | Found a runed translucent door.
  2684 | D:3      | Noticed brightshaft's ghost (amateur BaHu)
  2904 | D:3      | Reached skill level 1 in Invocations
  3447 | D:4      | Reached ** piety under Okawaru
  3448 | D:4      | Reached XP level 6. HP: 19/28 MP: 5/10
  3542 | D:4      | Found a shimmering blue altar of Sif Muna.
  3741 | D:4      | Noticed a black bear
  3758 | D:4      | Killed a black bear
  3759 | D:4      | Reached skill level 3 in Conjurations
  3841 | D:4      | Noticed Sigmund
  3985 | D:4      | Killed Sigmund
  3986 | D:4      | Reached skill level 1 in Fire Magic
  3986 | D:4      | Reached skill level 5 in Earth Magic
  3986 | D:4      | Reached skill level 1 in Poison Magic
  3986 | D:4      | Reached XP level 7. HP: 32/32 MP: 6/11
  4192 | D:5      | Entered Level 5 of the Dungeon
  4241 | D:5      | Reached *** piety under Okawaru
  4242 | D:5      | Reached skill level 4 in Conjurations
  4320 | D:5      | Found a runed translucent door.
  4323 | D:5      | Found a runed translucent gate.
  4323 | D:5      | Noticed a redback
  4325 | D:5      | Found a runed translucent gate.
  4335 | D:5      | Found a runed translucent gate.
  4337 | D:5      | Noticed a redback
  4337 | D:5      | Noticed a redback
  4337 | D:5      | Noticed a redback
  4337 | D:5      | Noticed a redback
  4460 | D:5      | Reached XP level 8. HP: 36/36 MP: 11/13
  4659 | D:5      | Found the +9 staff of Olgreb {rPois∞}
  4663 | D:5      | Found a runed translucent door.
  5084 | D:6      | Identified the +1 robe "Zyazexoh" {Int+3}
  5303 | D:6      | Reached skill level 5 in Conjurations
  5422 | D:6      | Reached **** piety under Okawaru
  5535 | D:6      | Found Ikkofeoc's Assorted Antiques.
  5568 | D:6      | Reached skill level 5 in Stealth
  5969 | D:6      | Reached XP level 9. HP: 40/40 MP: 11/15
  5972 | D:6      | Reached skill level 6 in Conjurations
  6222 | D:6      | Noticed Menkaure
  6227 | D:6      | Killed Menkaure
  6232 | D:6      | Reached ***** piety under Okawaru
  6543 | D:6      | Reached skill level 7 in Conjurations
  6581 | D:6      | Bought a steaming rapier for 216 gold pieces
  6581 | D:6      | Identified the +9 rapier "Jeavuenu" {elec, rElec rN+++
                  | Str-4 Int-3} (You bought it in a shop on level 6 of the
                  | Dungeon)
  6581 | D:6      | Bought a green potion for 21 gold pieces
  6581 | D:6      | Bought a scroll labelled KUIFFA EVVA for 24 gold pieces
  6604 | D:6      | Noticed Pikel
  6607 | D:6      | Killed Pikel
  6709 | D:6      | Noticed Maggie
  6716 | D:6      | Killed Maggie
  6716 | D:6      | Identified the +2 robe of the New World {rN+ Str+4}
                  | (Okawaru gifted it to you on level 6 of the Dungeon)
  6716 | D:6      | Received a gift from Okawaru
  6717 | D:6      | Reached skill level 1 in Evocations
  6717 | D:6      | Reached XP level 10. HP: 45/45 MP: 4/17
  6824 | D:6      | Reached skill level 5 in Spellcasting
  6845 | D:6      | Noticed Edmund
  6868 | D:6      | Killed Edmund
  6869 | D:6      | Reached skill level 1 in Fighting
  7348 | D:7      | Noticed Duvessa
  7348 | D:7      | Noticed Dowan
  7357 | D:7      | Killed Duvessa
  7367 | D:7      | Killed Dowan
  7639 | D:7      | Noticed Joseph
  7645 | D:7      | Killed Joseph
  7646 | D:7      | Reached skill level 1 in Short Blades
  7646 | D:7      | Reached skill level 8 in Conjurations
  7748 | D:7      | Found a staircase to the Ecumenical Temple.
  8134 | D:8      | Found a runed translucent door.
  8134 | D:8      | Noticed a sixfirhy
  8177 | D:8      | Noticed a white ugly thing
  8188 | D:8      | Killed a white ugly thing
  8547 | D:8      | Found an iron altar of Okawaru.
  9135 | D:9      | Reached XP level 11. HP: 52/52 MP: 5/19
  9145 | D:9      | Reached skill level 9 in Conjurations
  9809 | D:9      | Noticed a +0 dagger
  9809 | D:9      | Noticed a +0 dagger
  9815 | D:9      | Found a hide-covered altar of Uskayaw.
  9858 | D:9      | Found a staircase to the Lair.
 10088 | D:10     | Entered Level 10 of the Dungeon
 10384 | D:10     | Found a snail-covered altar of Cheibriados.
 10403 | D:10     | Found a staircase to the Orcish Mines.
 11711 | D:11     | Found Teic's Book Boutique.
 11744 | D:11     | Noticed a boulder beetle
 11758 | D:11     | Killed a boulder beetle
 11758 | D:11     | Identified the +3 buckler of the Pit {Harm rC+ Will- Str+3
                  | Int+4} (Okawaru gifted it to you on level 11 of the
                  | Dungeon)
 11758 | D:11     | Received a gift from Okawaru
 11929 | D:11     | Noticed a boulder beetle
 11939 | D:11     | HP: 2/53 [boulder beetle (13)]
 11948 | D:11     | Killed a boulder beetle
 12111 | D:11     | Learned a level 4 spell: Petrify
 12163 | D:11     | Reached skill level 10 in Conjurations
 12163 | D:11     | Reached skill level 5 in Invocations
 12189 | D:11     | Reached skill level 5 in Armour
 12443 | D:11     | Reached skill level 5 in Transmutations
 12587 | D:11     | Noticed a cyclops
 12593 | D:11     | Killed a cyclops
 12594 | D:11     | Identified the +6 glaive of Nonkiev {flame, Drain rPois
                  | Will++ Int+2}
 12696 | D:11     | Noticed a two-headed ogre
 12702 | D:11     | Killed a two-headed ogre
 12703 | D:11     | Reached XP level 12. HP: 57/57 MP: 11/21
 13060 | D:12     | Reached ****** piety under Okawaru
 13230 | D:12     | Noticed Erolcha
 13433 | D:12     | Noticed Josephine
 13855 | D:11     | Killed Josephine
 14022 | D:12     | Killed Erolcha
 14340 | D:12     | Received a gift from Okawaru
 14464 | D:12     | Noticed a deep troll earth mage
 14465 | D:12     | Noticed a boulder beetle
 14465 | D:12     | Noticed a seven-headed hydra
 14468 | D:12     | Noticed an orc warlord
 14469 | D:12     | Reached skill level 11 in Conjurations
 14472 | D:12     | Identified a scroll of acquirement
 14472 | D:12     | Acquired the +2 buckler of Uneijyaf {rElec rF+ rC++}
 14472 | D:12     | Noticed a centaur warrior
 14477 | D:12     | Killed a seven-headed hydra
 14478 | D:12     | Slain by an orc warlord

Illustrated notes

Levels and vault maps discovered:
D:1:      dpeg_arrival_round_c, layout_basic
D:2:      layout_basic, hellmonk_ecumenical_altar_slurped_away, uniq_robin,
          uniq_jessica
D:3:      layout_loops_ring, mainiacjoe_overflow_divided_tiny,
          ebering_ghost_inner_flame
D:4:      layout_cave_pools, nicolae_sif_muna_little_library,
          minmay_manual_mail, uniq_sigmund
D:5:      layout_basic, grunt_decor_cap, minmay_guarded_unrand_staff_of_olgreb
D:6:      layout_basic, serial_shops, shop, serial_undead, serial_undead_d,
          serial_undead_d, serial_undead_f, serial_undead_d, uniq_pikel,
          uniq_edmund, uniq_menkaure, uniq_maggie
D:7:      layout_basic, minmay_temple_entry_offerings, uniq_joseph, uniq_duvessa
D:8:      cheibrodos_shockbox, layout_basic, kennysheep_mini_moat
D:9:      layout_small_grid, dancing_weapons_uskayaw,
          grunt_lair_entry_orc_guard_hut, dreamdust_princess_corridor,
          kennysheep_generic_room_11
D:10:     layout_layer_cave, cheibriados_altar_1, orc_0_dummy
D:11:     layout_cave_pods, serial_shops, nicolae_shop_hallway_stairs
D:12:     layout_irregular_city, minmay_checkered_concentric_circles,
          uniq_erolcha, uniq_josephine

Skill      XL: |  1  2  3  4  5  6  7  8  9 10 11 12 |
---------------+-------------------------------------+-----
Conjurations   | 1 2 3 4 5 7 8 10 11 | 11.1
Earth Magic    | 4 5 6 7 8 9 |  9.4
Transmutations | 1 2 3 4 5 |  5.6
Armour         | 1 2 3 4 5 |  5.4
Dodging        | 2 3 4 |  4.5
Stealth        | 3 4 5 6 7 8 |  8.0
Invocations    | 1 2 3 4 5 6 |  6.1
Spellcasting   | 3 4 5 6 |  6.9
Fire Magic     | 1 2 3 4 |  4.6
Poison Magic   | 1 2 3 4 |  4.5
Evocations     | 1 2 3 |  3.3
Fighting       | 2 3 |  3.8
Short Blades   | 1 2 3 |  3.0

Action                   |  1- 3 |  4- 6 |  7- 9 | 10-12 || total
-------------------------+-------+-------+-------+-------++-------
Melee: Unarmed           |    12 |       |       |       ||    12
       Punch             |     1 |     1 |       |     1 ||     3
       Spear             |       |    14 |    37 |    46 ||    97
       Rapier            |       |       |       |    15 ||    15
Throw: Dart              |       |       |     1 |       ||     1
 Cast: Sandblast         |    47 |    81 |   185 |   358 ||   671
       Stone Arrow       |       |       |     9 |    70 ||    79
Invok: Heroism           |       |       |       |     1 ||     1
  Use: Scroll            |     2 |       |    13 |     7 ||    22
       Potion            |     2 |       |       |     3 ||     5
Armor: Robe              |     8 |       |       |       ||     8
       Leather armour    |       |    22 |    95 |   220 ||   337
Dodge: Dodged            |     8 |    15 |    88 |   219 ||   330
Block: Other             |    12 |    23 |    93 |   222 ||   350
       Reflection        |       |     1 |     1 |    14 ||    16

Table legend: (Time is in decaauts)
 A = Elapsed time spent in this place.
 B = Non-inter-level travel time spent in this place.
 C = Inter-level travel time spent in this place.
 D = Time resting spent in this place.
 E = Time spent auto-exploring this place.
 F = Levels seen in this place.
 G = Mean time per level.
                   A        B        C        D        E       F      G
               +--------+--------+--------+--------+--------+-----+--------+
         Total |  14894 |  14578 |    316 |   1697 |  10585 |  12 | 1241.2 |
       Dungeon |  14894 |  14578 |    316 |   1697 |  10585 |  12 | 1241.2 |
               +--------+--------+--------+--------+--------+-----+--------+

Top non-repeatable levels by time:
    D:11: 1932 daAuts
     D:6: 1845 daAuts
    D:10: 1572 daAuts
     D:8: 1322 daAuts
     D:2: 1307 daAuts
     D:5: 1118 daAuts
     D:3: 1092 daAuts
     D:1: 1081 daAuts
    D:12: 1045 daAuts
     D:9: 919 daAuts
     D:7: 881 daAuts
     D:4: 776 daAuts
